 Dungeon Crawl Stone Soup version 0.30.1-4-g462c640d31 (webtiles) character file.

Game seed: 5977394086706547840

2733 safid the Chiller (level 9, -6/60 (69) HPs)
             Began as a Merfolk Ice Elementalist on Aug 11, 2023.
             Was an Initiate of Vehumet.
             Mangled by a wight
             ... wielding a +3 great sword of freezing
              (16 damage)
             ... on level 7 of the Dungeon on Aug 14, 2023.
             The game lasted 00:11:37 (6553 turns).

safid the Chiller (Merfolk Ice Elementalist)        Turns: 6553, Time: 00:11:37

HP:   -6/60 (69)    AC: 13    Str:  9    XL:     9   Next: 67%
MP:   15/17         EV: 16    Int: 18    God:    Vehumet [......]
Gold: 260           SH:  6    Dex: 20    Spells: 8/18 levels left

rFire   + . .        K - +3 dagger (venom)
rCold   + + .        H - +0 buckler
rNeg    . . .        A - +1 robe "Unamoghem" {rF+ rC+}
rPois   .            (no helmet)
rElec   .            g - +0 cloak
rCorr   .            (no gloves)
SInv    .            c - +1 pair of boots {rampage}
Will    .....        o - amulet of magic regeneration
Stlth   ++           E - ring of protection from cold
HPRegen 0.30/turn    I - +6 ring of dexterity
MPRegen 0.55/turn

%: rampage
@: ice-armoured, freezing walls, heavily drained
A: (nimble swimmer 2), mertail
a: Renounce Religion


You were on level 7 of the Dungeon.
You worshipped Vehumet.
Vehumet was noncommittal.
You visited 2 branches of the dungeon, and saw 8 of its levels.

You collected 387 gold pieces.
You spent 127 gold pieces at shops.

Inventory:

Hand Weapons
 K - a +3 dagger of venom (weapon)
Missiles
 C - 2 throwing nets
Armour
 c - a +1 pair of boots of rampaging (worn)
 g - a +0 cloak (worn)
 A - the +1 robe "Unamoghem" (worn) {rF+ rC+}
   (You found it on level 4 of the Dungeon)

   rF:        It protects you from fire.
   rC:        It protects you from cold.
 H - a +0 buckler (worn)
Jewellery
 o - an amulet of magic regeneration (around neck)
 E - a ring of protection from cold (left hand)
 I - a +6 ring of dexterity (right hand)
Wands
 a - a wand of flame (47)
 s - a wand of acid (7)
 y - a wand of mindburst (16)
Scrolls
 d - a scroll of immolation {unknown}
 h - 2 scrolls of amnesia
 l - 3 scrolls of enchant armour
 m - 2 scrolls of enchant weapon
 n - a scroll of blinking {unknown}
 p - 5 scrolls of fear
 t - 6 scrolls of teleportation
 v - a scroll of brand weapon {unknown}
 w - a scroll of summoning {unknown}
 z - a scroll of magic mapping {unknown}
 D - a scroll of poison {unknown}
 F - a scroll of noise {unknown}
 G - a scroll of acquirement {unknown}
Potions
 b - 3 potions of magic
 e - 2 potions of degeneration {unknown}
 f - 2 potions of lignification {unknown}
 i - 5 potions of haste
 j - 3 potions of flight
 k - 2 potions of heal wounds {unknown}
 q - 7 potions of curing
 r - 2 potions of berserk rage {unknown}
 u - 2 potions of ambrosia {unknown}
 x - a potion of attraction {unknown}
 B - a potion of might {unknown}
 J - a potion of brilliance {unknown}


   Skills:
 + Level 5.8 Fighting
 + Level 6.5 Dodging
 - Level 2.1 Stealth
 * Level 5.6 Shields
 + Level 5.4 Spellcasting
 + Level 3.5 Conjurations
 + Level 7.5 Ice Magic


You had 8 spell levels left.
You knew the following spells:

 Your Spells              Type           Power      Damage    Failure   Level
a - Freeze                Ice            100%       1d10      1%          1
b - Frozen Ramparts       Ice            64%        1d10      2%          3
c - Ozocubu's Armour      Ice            32%        N/A       2%          3
d - Hailstorm             Conj/Ice       24%        3d7       5%          3

Your spell library contained the following spells:

 Spells                   Type           Power      Damage    Failure   Level
 Ensorcelled Hibernation  Hex/Ice        36%        N/A       6%          2
 Stone Arrow              Conj/Erth      22%        3d8       26%         3
 Summon Ice Beast         Ice/Summ       18%        N/A       36%         4
 Call Canine Familiar     Summ           4%         N/A       47%         3
 Portal Projectile        Hex/Tloc       8%         N/A       47%         3
 Spider Form              Tmut/Pois      4%         N/A       47%         3
 Anguish                  Hex/Necr       2%         N/A       87%         4
 Animate Armour           Summ/Erth      8%         N/A       87%         4
 Leda's Liquefaction      Hex/Erth       2%         N/A       87%         4
 Lehudib's Crystal Spear  Conj/Erth      5%         10d3      100%        8


Dungeon Overview and Level Annotations

Branches:
Dungeon (7/15)             Temple (1/1) D:4

Altars:
Ashenzari
Dithmenos
Elyvilon
Fedhas
Gozag
Hepliaklqana
Makhleb
Nemelex Xobeh
Okawaru
Qazlal
Ru
Uskayaw
Vehumet
Wu Jian
Xom
Yredelemnul
Zin
The Shining One

Shops:
D:2 (   D:3 (   D:4 [

Annotations:
D:4 1 runed translucent door, Crazy Yiuf


Innate Abilities, Weirdness & Mutations

((You are very nimble when in or above water. (Stealth+, EV+, Speed+++)))
Your lower body shifts to a powerful aquatic tail in water.


Message History

The wight is heavily damaged.
You block the wight's attack.
You closely miss the wight.
The wight is heavily damaged.
The wight barely misses you.
You hit the wight but do no damage.
The wight is heavily damaged.
The wight misses you.
You closely miss the wight.
The wight is heavily damaged.
The wight closely misses you.
You hit the wight but do no damage.
The wight is heavily damaged.
The wight hits you with a +3 great sword of freezing.
You hit the wight but do no damage.
The wight is heavily damaged.
You block the wight's attack.
You hit the wight.
The wight is severely damaged.
The wight hits you with a +3 great sword of freezing!
* * * LOW HITPOINT WARNING * * *
Casting: Frozen Ramparts (dangerous; 2% risk of failure)
Confirm with . or Enter, or press ? or * to list all spells.
Casting: Frozen Ramparts (dangerous; 2% risk of failure)
Press: ? - help, Dir - look around, f - activate The walls around you are covered in ice.
The wall freezes the wight but does no damage.
The wight completely misses you.
Unknown command.
You closely miss the wight.
The wight is severely damaged.
The wight completely resists.
The wall freezes the wight but does no damage.
The wight misses you.
You hit the wight.
The wight is severely damaged.
The wight completely resists.
The wall freezes the wight but does no damage.
The wight hits you with a +3 great sword of freezing!
You die...

..# ..# ..# ..#
########### ..#
#.........# ###
#.###.###.# .####.#
#...#.##
...##.###.#....###########
..##...........)@z....>..#
..###..#..#.##.#######.#.#
###....#.........## #.# #
##.###.##.##.#....####.#.
...# ...#.........'zz....
.### >#######..)..####z##
†# #. #.#.... ..# .# #.
....###.# ..# .####
######### .#


You could see a wight.

Vanquished Creatures
  Joseph (D:7)
  A komodo dragon (D:7)
  2 hornets (D:7)
  2 water moccasins (D:7)
  An orc warrior (D:7)
  2 ice beasts
  3 black bears (D:6)
  A sky beast (D:7)
  An ogre (D:4)
  A bullfrog (D:7)
  A gnoll sergeant (D:7)
  A scorpion (D:7)
  A wight (D:7)
  A howler monkey (D:6)
  An orc priest (D:4)
  A jelly (D:4)
  5 iguanas
  Ijyb (D:4)
  2 sleepcaps (D:6)
  2 orc wizards
  8 adders
  7 gnolls
  An ufetubus (D:4)
  4 worms
  3 dart slugs
  6 orcs
  11 ball pythons
  4 bats
  8 endoplasms
  4 giant cockroaches
  5 goblins
  8 hobgoblins
  2 jackals (D:3)
  8 kobolds
  2 quokkas
  6 frilled lizards
  7 rats
125 creatures vanquished.

Notes
Turn   | Place    | Note
-------+----------+-------------------------------------------
     0 | D:1      | safid the Merfolk Ice Elementalist began the quest for the
                  | Orb.
     0 | D:1      | Reached XP level 1. HP: 13/13 MP: 3/3
   168 | D:1      | Reached XP level 2. HP: 16/20 MP: 0/5
   339 | D:1      | Reached skill level 1 in Fighting
   685 | D:2      | Reached XP level 3. HP: 26/26 MP: 4/6
   708 | D:2      | Found Pyelyuph's Weapon Shop.
   708 | D:2      | Noticed a +0 giant club
   711 | D:2      | Noticed a +0 triple crossbow
  1113 | D:2      | Reached skill level 5 in Ice Magic
  1116 | D:2      | Reached XP level 4. HP: 33/33 MP: 1/8
  1514 | D:3      | Learned a level 3 spell: Frozen Ramparts
  1518 | D:3      | Learned a level 3 spell: Ozocubu's Armour
  1650 | D:3      | Found an ornate altar of the Wu Jian Council.
  1930 | D:3      | Noticed a black bear
  2369 | D:3      | Found Ighik's Antique Weapon Shop.
  2449 | D:4      | Found a staircase to the Ecumenical Temple.
  2449 | D:4      | Noticed Ijyb
  2455 | D:4      | Reached XP level 5. HP: 36/39 MP: 4/9
  2458 | D:4      | Killed Ijyb
  2463 | Temple   | Entered the Ecumenical Temple
  2698 | D:4      | Identified the +1 robe "Unamoghem" {rF+ rC+}
  2938 | D:4      | Found Fiprugad's Antique Armour Shoppe.
  2944 | D:4      | Learned a level 3 spell: Hailstorm
  3024 | D:4      | Bought a pair of embroidered boots for 127 gold pieces
  3221 | D:4      | Noticed an ogre
  3229 | D:4      | Killed an ogre
  3230 | D:4      | Reached XP level 6. HP: 14/47 MP: 3/11
  3509 | D:4      | Found a runed translucent door.
  3510 | D:4      | Noticed Crazy Yiuf
  3788 | D:5      | Entered Level 5 of the Dungeon
  3882 | D:5      | Found a broken altar of Ashenzari.
  3898 | D:5      | Found a shimmering altar of Xom.
  4010 | D:5      | Found a blossoming altar of Fedhas.
  4038 | D:5      | Found a glowing silver altar of Zin.
  4041 | D:5      | Found a white marble altar of Elyvilon.
  4041 | D:5      | Found a glowing golden altar of the Shining One.
  4076 | D:5      | Reached skill level 1 in Conjurations
  4105 | D:5      | Noticed an ice beast
  4146 | D:5      | Killed an ice beast
  4147 | D:5      | Reached skill level 6 in Ice Magic
  4147 | D:5      | Reached XP level 7. HP: 43/53 MP: 12/12
  4762 | D:6      | Reached skill level 1 in Shields
  4878 | D:6      | Found a sparkling altar of Nemelex Xobeh.
  5016 | D:6      | You fall into a shaft and drop 1 floor!
  5102 | D:6      | Found a radiant altar of Vehumet.
  5107 | D:6      | Became a worshipper of Vehumet
  5262 | D:6      | Reached XP level 8. HP: 50/61 MP: 9/14
  5512 | D:7      | Noticed a hornet
  5520 | D:7      | Killed a hornet
  5574 | D:7      | Reached skill level 5 in Dodging
  5617 | D:7      | Found a hazy altar of Hepliaklqana.
  5670 | D:7      | Reached skill level 5 in Fighting
  5672 | D:7      | Noticed Joseph
  5695 | D:7      | Killed Joseph
  5696 | D:7      | Reached skill level 5 in Spellcasting
  5696 | D:7      | Reached skill level 7 in Ice Magic
  5696 | D:7      | Reached XP level 9. HP: 52/68 MP: 9/16
  5753 | D:7      | Noticed a hornet
  5764 | D:7      | Killed a hornet
  5919 | D:7      | Reached skill level 5 in Shields
  6140 | D:7      | Noticed a komodo dragon
  6152 | D:7      | Killed a komodo dragon
  6553 | D:7      | Mangled by a wight

Illustrated notes

Levels and vault maps discovered:
D:1:      minmay_arrival_doors, layout_rooms
D:2:      layout_loops_ring, serial_shops, nicolae_shop_mannequins
D:3:      layout_loops_ring, mainiacjoe_overflow_chevrons, serial_shops,
          nicolae_shop_pleasant_corner_grove, minmay_misc_feat_secret_circle,
          minmay_goblin_kobold_house
D:4:      kennysheep_big_flooded_room, layout_loops_ring,
          minmay_temple_entry_arrows, serial_shops, nicolae_lakefront_shop,
          chequers_serial_rivers_small_a, uniq_crazy_yiuf_cottage, uniq_ijyb
D:5:      layout_loops_ring, dreamdust_divine_triumvirate, ashenzari_altar_1,
          fedhas_altar_3, lemuel_round_altar
D:6:      black_bear_nest_1, layout_cave_pools, kennysheep_little_box,
          nicolae_overflow_crystal_walls
D:7:      layout_basic, lemuel_crystal_altar, minmay_lizard_king, uniq_joseph
Temple:   nicolae_temple_godpark

Skill      XL: |  1  2  3  4  5  6  7  8  9 |
---------------+----------------------------+-----
Fighting       | 1 2 3 4 5 |  5.8
Ice Magic      | 5 6 7 |  7.5
Spellcasting   | 3 4 5 |  5.4
Dodging        | 3 4 5 6 |  6.5
Conjurations   | 1 2 3 |  3.5
Shields        | 2 4 5 |  5.6
Stealth        | |  2.1

Action                     |  1- 3 |  4- 6 |  7- 9 || total
---------------------------+-------+-------+-------++-------
  Melee: Dagger            |    31 |   131 |   106 ||   268
         Unarmed           |     1 |       |       ||     1
         Punch             |       |     1 |       ||     1
   Cast: Freeze            |    39 |    49 |    43 ||   131
         Frozen Ramparts   |       |     6 |    27 ||    33
         Ozocubu's Armour  |       |     4 |    20 ||    24
    Use: Scroll            |       |       |     8 ||     8
   Stab: Sleeping          |     2 |     1 |       ||     3
 Armour: Robe              |    10 |    77 |    57 ||   144
  Dodge: Dodged            |    39 |   100 |    94 ||   233
  Block: Buckler           |       |       |    38 ||    38
